[ AOE2 MATCH · #513811583 ]
UnrankedCiv #61 vs Italians
Player's team · LOSS
Rival team · WIN
[ REPLAY ANALYSIS · EXTRACTED FROM THE RECORDED GAME ]
Feudal
10:30
Castle
20:13
Imperial
—
| APM avg | 74.8 |
| APM peak | 115 |
| eAPM avg | 39.6 |
| Villagers / military | 131 / 77 |
Focus
⚔️ 49.3% · 🌾 50.7%
Archer ×61 · Militia ×9 · Mangonel ×7
Feudal
9:15
Castle
21:19
Imperial
—
| APM avg | 55.5 |
| APM peak | 107 |
| eAPM avg | 30.6 |
| Villagers / military | 68 / 77 |
Focus
⚔️ 50.6% · 🌾 49.4%
Archer ×74 · Fishing Ship ×14 · Mangonel ×3
Match map
Initial resources + every placement click. Lines = walls · curves = elevation contours. ◆ gold · ⬟ stone · ● berries · ✦ relic · ◌ wall gap
Your base· Open — unwalled flank
Scaramanzia's base· Open — 2t gap
Smoothed initial terrain · ◌ = detected wall gap · hover for details
Inputs per minute
— 已严肃退出多人局 - - Scaramanzia
Build order — 已严肃退出多人局
First 150 of 280 actions detected
| 0:00 | queue | Villager (Male) ×4 |
| 0:01 | queue | Villager (Male) ×4 |
| 0:02 | Build | House |
| 0:02 | Build | House |
| 1:25 | queue | Villager (Male) |
| 1:25 | queue | Villager (Male) |
| 1:55 | Build | Lumber Camp |
| 1:58 | queue | Villager (Male) |
| 2:17 | queue | Villager (Male) |
| 2:17 | queue | Villager (Male) |
| 2:17 | queue | Villager (Male) |
| 2:44 | queue | Villager (Male) |
| 2:44 | queue | Villager (Male) |
| 3:01 | queue | Villager (Male) |
| 3:02 | queue | Villager (Male) |
| 3:29 | queue | Villager (Male) |
| 3:29 | queue | Villager (Male) |
| 3:51 | Build | House |
| 3:55 | queue | Villager (Male) |
| 4:23 | queue | Villager (Male) |
| 4:23 | queue | Villager (Male) |
| 4:36 | Build | Barracks |
| 4:51 | queue | Villager (Male) |
| 4:51 | queue | Villager (Male) |
| 4:51 | queue | Villager (Male) |
| 4:53 | Build | House |
| 5:09 | queue | Villager (Male) ×2 |
| 5:09 | queue | Villager (Male) ×2 |
| 5:22 | queue | Villager (Male) |
| 5:35 | queue | Militia |
| 5:35 | queue | Militia |
| 5:49 | queue | Militia |
| 5:55 | Build | Mill |
| 6:04 | queue | Villager (Male) |
| 6:24 | queue | Villager (Male) |
| 6:46 | Build | House |
| 6:48 | queue | Villager (Male) |
| 7:20 | Build | Mill |
| 7:26 | queue | Villager (Male) |
| 7:26 | Research | Loom |
| 8:18 | Build | Mining Camp |
| 8:20 | Research | Feudal Age |
| 8:35 | queue | Militia |
| 8:35 | queue | Militia |
| 8:35 | queue | Militia |
| 8:53 | queue | Militia |
| 8:53 | queue | Militia |
| 9:24 | queue | Villager (Male) |
| 9:34 | Build | Farm |
| 9:38 | Build | Farm |
| 9:46 | queue | Militia |
| 10:30 | Age | Feudal Age |
| 10:35 | Research | Man-at-Arms (upgrade) |
| 10:35 | Research | Man-at-Arms (upgrade) |
| 10:49 | queue | Villager (Male) |
| 10:54 | Build | Archery Range |
| 11:00 | queue | Villager (Male) |
| 11:10 | Research | Arson |
| 11:13 | queue | Villager (Male) |
| 11:23 | Build | House |
| 11:25 | Build | Farm |
| 11:26 | queue | Archer ×3 |
| 11:26 | queue | Archer ×3 |
| 11:40 | Build | Farm |
| 12:09 | Build | House |
| 12:12 | Build | House |
| 12:17 | queue | Villager (Male) |
| 12:22 | Build | Blacksmith |
| 12:28 | queue | Villager (Male) |
| 12:47 | queue | Archer |
| 12:53 | Build | House |
| 12:54 | Build | House |
| 12:58 | queue | Archer |
| 13:05 | queue | Villager (Male) |
| 13:22 | queue | Archer |
| 13:29 | Build | Farm |
| 13:29 | queue | Villager (Male) |
| 13:30 | Research | Fletching |
| 13:30 | Research | Fletching |
| 13:31 | Research | Fletching |
| 13:37 | queue | Villager (Male) |
| 13:40 | queue | Villager (Male) |
| 13:51 | queue | Villager (Male) |
| 13:58 | Build | Farm |
| 13:59 | queue | Villager (Male) |
| 14:00 | Build | Farm |
| 14:11 | queue | Villager (Male) |
| 14:27 | queue | Archer |
| 14:32 | queue | Villager (Male) |
| 14:34 | Build | Farm |
| 14:35 | Build | Farm |
| 14:44 | queue | Villager (Male) |
| 14:47 | Build | House |
| 14:49 | Build | House |
| 14:59 | queue | Villager (Male) |
| 15:00 | Build | Farm |
| 15:17 | queue | Archer |
| 15:46 | queue | Villager (Male) |
| 16:05 | queue | Villager (Male) |
| 16:09 | queue | Archer |
| 16:24 | queue | Villager (Male) |
| 16:26 | queue | Archer |
| 16:29 | Build | Market |
| 16:47 | Build | Lumber Camp |
| 17:02 | queue | Archer |
| 17:20 | Research | Castle Age |
| 17:20 | Research | Castle Age |
| 17:20 | Research | Castle Age |
| 17:28 | queue | Archer |
| 17:28 | queue | Archer |
| 17:29 | queue | Archer |
| 17:33 | Build | Archery Range |
| 17:56 | queue | Archer |
| 17:56 | queue | Archer |
| 17:56 | Research | Padded Archer Armor |
| 17:57 | Research | Padded Archer Armor |
| 17:58 | Build | Farm |
| 18:23 | queue | Archer |
| 18:28 | Build | Farm |
| 18:29 | queue | Villager (Male) |
| 18:36 | queue | Archer |
| 18:42 | queue | Archer |
| 18:43 | queue | Archer |
| 18:46 | Research | Gold Mining |
| 18:46 | Research | Gold Mining |
| 18:53 | queue | Archer |
| 18:53 | queue | Archer |
| 18:53 | queue | Archer |
| 19:16 | queue | Archer |
| 19:16 | queue | Archer |
| 19:21 | queue | Villager (Male) |
| 19:51 | queue | Villager (Male) |
| 20:13 | Age | Castle Age |
| 20:15 | Research | Bodkin Arrow |
| 20:17 | Build | Siege Workshop |
| 20:21 | queue | Villager (Male) |
| 20:30 | queue | Villager (Male) |
| 20:43 | queue | Villager (Male) |
| 21:02 | queue | Villager (Male) |
| 21:02 | queue | Mangonel |
| 21:03 | Build | House |
| 21:09 | Research | Crossbowman (upgrade) |
| 21:09 | Research | Crossbowman (upgrade) |
| 21:11 | queue | Archer |
| 21:11 | queue | Archer |
| 21:13 | Build | Farm |
| 21:13 | queue | Villager (Male) |
| 21:17 | Build | Blacksmith |
| 21:21 | Build | Town Center |
| 21:24 | queue | Archer |
Build order — Scaramanzia
First 150 of 235 actions detected
| 0:00 | queue | Villager (Male) |
| 0:00 | queue | Villager (Male) |
| 0:01 | queue | Villager (Male) |
| 0:01 | Build | House |
| 0:02 | Build | House |
| 0:09 | queue | Villager (Male) |
| 0:09 | queue | Villager (Male) |
| 1:25 | Build | House |
| 1:36 | queue | Villager (Male) |
| 1:37 | queue | Villager (Male) |
| 1:42 | Build | Lumber Camp |
| 1:46 | queue | Villager (Male) |
| 2:10 | queue | Villager (Male) |
| 2:10 | queue | Villager (Male) |
| 2:30 | queue | Villager (Male) |
| 2:30 | queue | Villager (Male) |
| 2:59 | queue | Villager (Male) |
| 2:59 | queue | Villager (Male) |
| 3:39 | queue | Villager (Male) |
| 3:39 | queue | Villager (Male) |
| 3:39 | queue | Villager (Male) |
| 3:53 | queue | Villager (Male) |
| 3:53 | queue | Villager (Male) |
| 3:56 | Build | House |
| 3:56 | Build | House |
| 4:00 | Build | House |
| 4:02 | Build | House |
| 4:03 | Build | House |
| 4:05 | Build | House |
| 4:17 | queue | Villager (Male) |
| 4:18 | queue | Villager (Male) |
| 4:44 | queue | Villager (Male) |
| 4:47 | Build | Palisade Wall |
| 4:54 | queue | Villager (Male) |
| 4:54 | queue | Villager (Male) |
| 5:13 | Build | Dock |
| 5:38 | Build | Dock |
| 5:52 | Build | Palisade Wall |
| 5:55 | queue | Villager (Male) |
| 5:56 | Research | Loom |
| 6:18 | queue | Fishing Ship |
| 6:33 | Build | Palisade Wall |
| 7:02 | Research | Feudal Age |
| 7:03 | Research | Feudal Age |
| 7:08 | Build | Palisade Wall |
| 7:08 | Build | Palisade Wall |
| 7:09 | Build | Palisade Wall |
| 7:15 | Build | Lumber Camp |
| 7:37 | Build | Palisade Wall |
| 7:59 | Build | House |
| 8:17 | queue | Fishing Ship |
| 8:18 | queue | Fishing Ship |
| 8:20 | queue | Villager (Male) |
| 8:39 | queue | Fishing Ship |
| 8:51 | Build | Mill |
| 8:56 | queue | Villager (Male) |
| 9:04 | Build | Palisade Wall |
| 9:05 | Build | Palisade Wall |
| 9:15 | Age | Feudal Age |
| 9:21 | Research | Double-Bit Axe |
| 9:27 | queue | Fishing Ship |
| 9:30 | Build | Fish Trap |
| 9:40 | Build | Palisade Wall |
| 9:46 | queue | Fishing Ship |
| 9:53 | Build | Fish Trap |
| 10:05 | queue | Villager (Male) |
| 10:05 | queue | Villager (Male) |
| 10:10 | queue | Fishing Ship |
| 10:18 | Build | Palisade Gate |
| 10:22 | Build | Palisade Wall |
| 10:25 | Build | Palisade Wall |
| 10:27 | Build | House |
| 10:31 | queue | Villager (Male) |
| 10:34 | Build | Mill |
| 10:52 | queue | Villager (Male) |
| 10:53 | queue | Villager (Male) |
| 10:59 | queue | Fishing Ship |
| 11:01 | Build | Fish Trap |
| 11:02 | Build | House |
| 11:06 | Build | House |
| 11:30 | Build | Barracks |
| 11:37 | queue | Villager (Male) |
| 11:37 | queue | Villager (Male) |
| 11:40 | Build | Fish Trap |
| 11:41 | queue | Fishing Ship |
| 11:41 | queue | Villager (Male) |
| 11:41 | queue | Villager (Male) |
| 12:13 | queue | Fishing Ship |
| 12:16 | Build | Fish Trap |
| 12:26 | queue | Villager (Male) |
| 12:36 | Build | House |
| 12:42 | Build | Archery Range |
| 12:46 | Build | House |
| 12:50 | queue | Villager (Male) ×2 |
| 12:50 | queue | Villager (Male) ×2 |
| 12:50 | queue | Villager (Male) ×2 |
| 12:53 | Build | House |
| 13:13 | Build | Mining Camp |
| 13:24 | Build | House |
| 13:28 | Build | Watch Tower |
| 13:40 | queue | Villager (Male) |
| 13:41 | queue | Villager (Male) |
| 14:11 | queue | Archer |
| 14:11 | queue | Archer |
| 14:16 | Build | House |
| 14:17 | Build | House |
| 14:17 | queue | Fishing Ship |
| 14:29 | Build | Stone Wall |
| 14:34 | Build | Stone Wall |
| 14:36 | Build | Stone Wall |
| 14:52 | queue | Villager (Male) |
| 14:58 | queue | Villager (Male) |
| 15:01 | Build | Blacksmith |
| 15:04 | Build | House |
| 15:10 | queue | Archer |
| 15:32 | Build | House |
| 15:35 | Build | Archery Range |
| 15:40 | Build | Archery Range |
| 15:42 | Build | House |
| 15:45 | queue | Villager (Male) |
| 15:56 | queue | Archer |
| 15:57 | Research | Fletching |
| 16:20 | queue | Villager (Male) |
| 16:32 | queue | Archer |
| 16:38 | queue | Archer ×2 |
| 16:41 | queue | Villager (Male) |
| 16:43 | queue | Fishing Ship |
| 16:44 | Build | Fish Trap |
| 16:46 | Build | Fish Trap |
| 16:47 | Build | Fish Trap |
| 17:00 | queue | Villager (Male) |
| 17:10 | Build | Stone Wall |
| 17:14 | queue | Villager (Male) |
| 17:15 | queue | Fishing Ship |
| 17:23 | Build | Market |
| 17:27 | Build | House |
| 17:35 | queue | Archer |
| 17:36 | queue | Archer |
| 18:03 | queue | Villager (Male) |
| 18:03 | queue | Fishing Ship |
| 18:07 | Build | Fish Trap |
| 18:08 | Build | Fish Trap |
| 18:39 | Research | Castle Age |
| 18:39 | Research | Castle Age |
| 18:40 | Research | Castle Age |
| 18:51 | Build | Fish Trap |
| 18:52 | Research | Fishing Lines |
| 18:52 | Research | Fishing Lines |
| 18:55 | queue | Archer |
| 18:55 | queue | Archer |
Match timeline
| 4:36 | 已严肃退出多人局 · first_building Barracks |
| 4:47 | Scaramanzia · wall_segment Palisade Wall x7 |
| 5:13 | Scaramanzia · first_building Dock |
| 5:52 | Scaramanzia · wall_segment Palisade Wall x1 |
| 6:33 | Scaramanzia · wall_segment Palisade Wall x5 |
| 7:08 | Scaramanzia · wall_segment Palisade Wall x3 |
| 7:08 | Scaramanzia · wall_segment Palisade Wall x1 |
| 7:09 | Scaramanzia · wall_segment Palisade Wall x2 |
| 7:37 | Scaramanzia · wall_segment Palisade Wall x9 |
| 9:04 | Scaramanzia · wall_segment Palisade Wall x1 |
| 9:05 | Scaramanzia · wall_segment Palisade Wall x1 |
| 9:15 | Scaramanzia · age_up feudal |
| 9:40 | Scaramanzia · wall_segment Palisade Wall x1 |
| 10:22 | Scaramanzia · wall_segment Palisade Wall x1 |
| 10:25 | Scaramanzia · wall_segment Palisade Wall x1 |
| 10:30 | 已严肃退出多人局 · age_up feudal |
| 10:54 | 已严肃退出多人局 · first_building Archery Range |
| 11:30 | Scaramanzia · first_building Barracks |
| 12:42 | Scaramanzia · first_building Archery Range |
| 14:29 | Scaramanzia · wall_segment Stone Wall x4 |
| 14:34 | Scaramanzia · wall_segment Stone Wall x5 |
| 14:36 | Scaramanzia · wall_segment Stone Wall x7 |
| 17:10 | Scaramanzia · wall_segment Stone Wall x1 |
| 18:32 | Scaramanzia · first_market_sell 500 wood |
| 18:33 | Scaramanzia · first_market_buy 100 food |
| 20:13 | 已严肃退出多人局 · age_up castle |
| 20:17 | 已严肃退出多人局 · first_building Siege Workshop |
| 21:08 | 已严肃退出多人局 · first_market_buy 100 food |
| 21:08 | 已严肃退出多人局 · first_market_sell 100 wood |
| 21:19 | Scaramanzia · age_up castle |
| 23:26 | Scaramanzia · first_building Siege Workshop |
| 31:16 | 已严肃退出多人局 · resign |
[ AI ANALYSIS · 1 CREDIT ]
What really happened in this match?
Wolo.gg analyzes every decision: build order, eco, micro, common mistakes by bracket. Personalized analysis on WhatsApp or Discord in 30 seconds.
Civ guide
Civ #61
Perfil
Jugador #3562722